 Dungeon Crawl Stone Soup version 0.31-a0-774-g0d66cbabe8 (webtiles) character file.

Game seed: 17255413520480740974

56 cforsyth the Sneak (level 4, 0/36 HPs)
             Began as a Djinni Delver on Sept 17, 2023.
             Slain by a water moccasin (7 damage)
             ... on level 5 of the Dungeon.
             The game lasted 00:01:00 (460 turns).

cforsyth the Sneak (Djinni Delver)                   Turns: 460, Time: 00:01:01

Health: 0/36       AC:  3    Str: 11    XL:     4   Next: 15%
Gold:   0          EV: 12    Int: 13    God:
                   SH:  0    Dex: 15

rFire   + + .        a - +0 falchion
rCold   x . .        (no shield)
rNeg    . . .        b - +0 leather armour
rPois   ∞            (no helmet)
rElec   .            (no cloak)
rCorr   .            (no gloves)
SInv    .            (boots unavailable)
Will    .....        (no amulet)
Stlth   ++           (no ring)
HPRegen 0.26/turn    (no ring)
MPRegen 0.00/turn

%: infuse magic (-1 HP)
@: flying
A: sickness immunity, fire resistance 2, cold vulnerability 1, float, innate
caster, HP casting, extra vitality 1
a: no special abilities


You were on level 5 of the Dungeon.
You visited 1 branch of the dungeon, and saw 2 of its levels.

Inventory:

Hand Weapons
 a - a +0 falchion (weapon)
Armour
 b - a +0 leather armour (worn)
Wands
 g - a wand of digging (3)
Scrolls
 c - a scroll of fog
 d - a scroll of revelation
Potions
 f - a potion of haste
 h - 3 potions of cancellation


   Skills:
 + Level 3.6 Fighting
 - Level 2.1 Long Blades
 - Level 2.6 Dodging
 - Level 4.3 Stealth
 + Level 0.8 Spellcasting
 + Level 0.8 Conjurations
 + Level 0.8 Hexes
   Level 0.0 Charms
 + Level 0.8 Summonings
 + Level 0.8 Necromancy
 + Level 0.8 Translocations
 + Level 0.8 Transmutations
 + Level 0.8 Fire Magic
 + Level 0.8 Ice Magic
 + Level 0.8 Air Magic
 + Level 0.8 Earth Magic
 + Level 0.8 Poison Magic


You knew the following spells:

 Your Spells              Type           Power      Damage    Failure   Level
a - Apportation           Tloc           4%         N/A       26%         1
Your spell library was empty.

Dungeon Overview and Level Annotations

Branches:
Dungeon (5/15)
 Temple: D:4-7

Altars:


Innate Abilities, Weirdness & Mutations

You are immune to sickness and miasma.
You are immune to poison.
Your flesh is very heat resistant. (rF++)
You are vulnerable to cold. (rC-)
You float through the air rather than walking.
You learn spells naturally, not from books.
Your magical power is your life essence.
You have superior vitality. (+4 MHP)


Message History

You hit the iguana but do no damage.
The iguana is lightly wounded.
The iguana closely misses you. The iguana bites you.
You hit the iguana but do no damage. The iguana closely misses you.
You barely miss the iguana. The iguana bites you!
You hit the iguana.
The iguana is lightly wounded.
The iguana bites you!
* * * LOW HITPOINT WARNING * * *
As you read the scroll of fear, it crumbles to dust.
You assume a fearsome visage.
The water moccasin looks frightened!
The iguana looks frightened!
You reach down and close the door.
You start resting.
HP restored.
You start waiting.
A water moccasin is nearby!
You start waiting.
A water moccasin is nearby!
You hit the water moccasin.
The water moccasin is lightly wounded.
The water moccasin bites you.
You barely miss the water moccasin.
The water moccasin is lightly wounded.
The water moccasin bites you. The water moccasin barely misses you.
You closely miss the water moccasin.
The water moccasin is lightly wounded.
The water moccasin bites you. x2
You hit the water moccasin.
The water moccasin is moderately wounded.
The water moccasin bites you.
You closely miss the water moccasin.
The water moccasin is lightly wounded.
The water moccasin bites you. The water moccasin bites you!
You closely miss the water moccasin.
The water moccasin is lightly wounded.
The water moccasin bites you.
* * * LOW HITPOINT WARNING * * *
The water moccasin bites you!
You die...

............#....:.+
............+......#
............#......#
<.....##....##.....#
......##....##.....#
##....##...........#
##....##<..........#
...................#
......##...###.S@###
......##...# ##+##
###...##.... .l.
###...##.... ..S..
..+...............!
..#.................
..#...##...##.##.####
.##...# ### #+ .#
.######


You could see a water moccasin.

Vanquished Creatures
  A hound (D:5)
  A sleepcap (D:5)
2 creatures vanquished.

Notes
Turn   | Place    | Note
-------+----------+-------------------------------------------
     0 | D:5      | cforsyth the Djinni Delver began the quest for the Orb.
     0 | D:5      | Reached XP level 1. HP: 20/20 MP: 0/0
    47 | D:5      | Noticed a sleepcap
    47 | D:5      | Noticed a hound
    69 | D:5      | Killed a sleepcap
    70 | D:5      | Reached XP level 2. HP: 15/25 MP: 0/0
    70 | D:5      | Reached XP level 3. HP: 19/30 MP: 0/0
    70 | D:5      | Learned a level 1 spell: Apportation
   131 | D:5      | Reached XP level 4. HP: 20/36 MP: 0/0
   224 | D:4      | Noticed an ogre
   249 | D:5      | Noticed a water moccasin
   460 | D:5      | Slain by a water moccasin

Illustrated notes

Levels and vault maps discovered:
D:4:      layout_rooms, minmay_temple_entry_offerings
D:5:      layout_gridville, uniq_eustachio

Skill      XL: |  1 |
---------------+----+-----
Long Blades    | 2 |  2.1
Fighting       | |  3.6
Dodging        | |  2.6
Stealth        | |  4.3
Spellcasting   | |  0.8
Conjurations   | |  0.8
Hexes          | |  0.8
Summonings     | |  0.8
Necromancy     | |  0.8
Translocations | |  0.8
Transmutations | |  0.8
Fire Magic     | |  0.8
Ice Magic      | |  0.8
Air Magic      | |  0.8
Earth Magic    | |  0.8
Poison Magic   | |  0.8

Action                     |  1- 3 |  4- 6 || total
---------------------------+-------+-------++-------
  Melee: Falchion          |    20 |    11 ||    31
    Use: Scroll            |       |     2 ||     2
         Potion            |       |     1 ||     1
 Armour: Leather armour    |     8 |    13 ||    21
  Dodge: Dodged            |    17 |     4 ||    21

Table legend: (Time is in decaauts)
 A = Elapsed time spent in this place.
 B = Non-inter-level travel time spent in this place.
 C = Inter-level travel time spent in this place.
 D = Time resting spent in this place.
 E = Time spent auto-exploring this place.
 F = Levels seen in this place.
 G = Mean time per level.
                   A        B        C        D        E       F      G
               +--------+--------+--------+--------+--------+-----+--------+
         Total |    466 |    466 |      0 |    235 |    133 |   2 |  233.0 |
       Dungeon |    466 |    466 |      0 |    235 |    133 |   2 |  233.0 |
               +--------+--------+--------+--------+--------+-----+--------+

Top non-repeatable levels by time:
     D:5: 464 daAuts
     D:4: 1 daAuts
